PHILADELPHIA Flyers vs NEW YORK Islanders

Created - 23 février 2024 at 14:29

Goals
1 2 3 T
PHILADELPHIA Flyers 4 1 1 6
NEW YORK Islanders 0 0 1 1
Shots
1 2 3 T
PHILADELPHIA Flyers 13 8 13 34
NEW YORK Islanders 10 9 13 32

1st period

1. PHILADELPHIA Flyers , Claude Giroux 14 (Mike Hoffman 9, Ben Chiarot 11) at 5:42
2. PHILADELPHIA Flyers , Nick Schmaltz 4 (Claude Giroux 18, Alexander Edler 6) at 8:28 (PP)
3. PHILADELPHIA Flyers , Sean Monahan 5 (Joel Edmundson 6) at 14:31
4. PHILADELPHIA Flyers , Nick Schmaltz 5 (Sean Monahan 8, Joel Edmundson 7) at 15:29

Penalties :
Kirby Dach (NYI) for Slashing (Minor) at 2:24, Ilya Lyubushkin (NYI) for Goalie Interference (Minor) at 7:49, Claude Giroux (PHI) for Roughing (Minor) at 15:48, Erik Cernak (NYI) for Slashing (Minor) at 18:29

2nd period

5. PHILADELPHIA Flyers , Joel Edmundson 3 (Sean Monahan 9, Adam Erne 5) at 5:31 (PP)

Penalties :
Erik Cernak (NYI) for Roughing (Minor) at 0:37, Ilya Lyubushkin (NYI) for Boarding (Minor) at 4:00, Noah Juulsen (PHI) for Holding (Minor) at 19:40

3rd period

6. PHILADELPHIA Flyers , Adam Erne 6 (Sean Monahan 10, Ben Chiarot 12) at 14:31 (PP)
7. NEW YORK Islanders , Nikolaj Ehlers 3 (Pius Suter 9, Ethan Bear 11) at 18:14 (PP)

Penalties :
Anton Khudobin (NYI) for Slashing (Minor) at 9:14 - Jacob Trouba served the penalty., Nikolaj Ehlers (NYI) for Holding (Minor) at 11:17, Nino Niederreiter (NYI) for Roughing (Minor) at 13:30, Alexander Edler (PHI) for Tripping (Minor) at 17:56

Goalie Stats

Connor Hellebuyck (PHI), 31 saves from 32 shots - (0,969), W, 11-6-2, 60:00 minutes
Anton Khudobin (NYI), 16 saves from 17 shots - (0,941), 34:29 minutes
Ilya Sorokin (NYI), 12 saves from 17 shots - (0,706), L, 11-5-2, 25:31 minutes

Players Stats for PHILADELPHIA Flyers

Player Name              G  A  P  +/- PIM S  H  SB GA TA FO     MP     PP MP  PK MP  
------------------------------------------------------------------------------------
Adam Erne                1  1  2   0  0   2  2  0  0  0  0/1    13:42   5:43   0:00 
Alexander Edler          0  1  1   0  2   1  3  4  0  0  0/0    21:59   6:59   0:00 
Ben Chiarot              0  2  2   1  0   5  2  0  0  0  0/0    23:57   5:47   2:53 
Chris Tierney            0  0  0   0  0   1  1  0  0  0  3/7     6:25   0:00   0:00 
Claude Giroux            1  1  2   1  2   3  3  0  0  0  2/3    23:59   7:14   1:48 
Jakub Voracek            0  0  0   0  0   2  1  0  0  0  1/2     6:25   0:00   0:00 
Joel Edmundson           1  2  3   2  0   1  3  1  0  0  0/0    14:03   0:20   1:23 
Jonathan Drouin          0  0  0   0  0   1  1  0  0  0  0/0     9:22   0:00   1:23 
Josh Leivo               0  0  0   0  0   1  1  0  0  0  0/0     7:10   0:09   0:36 
Justin Schultz           0  0  0   0  0   0  1  2  0  0  0/0    21:36   5:47   0:52 
Leon Draisaitl           0  0  0   1  0   3  0  0  0  0  12/25  25:35   7:14   3:23 
Mike Hoffman             0  1  1   1  0   4  0  0  0  0  2/5    20:21   5:23   0:00 
Nick Schmaltz            2  0  2   2  0   5  1  0  0  0  4/10   20:38   6:53   0:29 
Noah Juulsen             0  0  0   2  2   0  2  0  0  0  0/0    13:42   0:00   1:23 
Sam Gagner               0  0  0   0  0   0  1  0  0  0  6/13    8:58   0:59   0:00 
Sean Couturier           0  0  0   2  0   1  2  0  0  0  11/19  13:45   0:00   0:29 
Sean Monahan             1  3  4   2  0   4  1  0  0  0  4/6    19:23   5:43   0:24 
Shea Weber               0  0  0   1  0   0  3  1  0  0  0/0    24:41   7:19   2:01 

Players Stats for NEW YORK Islanders

Player Name              G  A  P  +/- PIM S  H  SB GA TA FO     MP     PP MP  PK MP  
------------------------------------------------------------------------------------
Braden Schneider         0  0  0  -2  0   4  2  3  0  0  0/0    21:39   2:17   5:59 
Dillon Dube              0  0  0   0  0   4  3  0  0  0  15/27  18:52   1:59   0:00 
Erik Cernak              0  0  0   0  4   0  2  1  0  0  0/0    24:08   1:59   4:27 
Ethan Bear               0  1  1  -1  0   2  2  0  0  0  0/0    14:07   2:17   0:19 
Gustav Nyquist           0  0  0  -2  0   2  0  1  0  0  1/4    21:35   0:19   7:27 
Ilya Lyubushkin          0  0  0  -2  4   2  1  3  0  0  0/0    18:21   0:00   5:00 
Jacob Trouba             0  0  0   0  0   2  5  3  0  0  0/0    25:49   1:59   6:06 
Jesper Fast              0  0  0   0  0   1  0  0  0  0  1/1    13:03   0:00   5:02 
Kirby Dach               0  0  0   0  2   1  2  0  0  0  4/13   10:43   2:17   0:26 
Logan Stanley            0  0  0  -1  0   0  3  0  0  0  0/0    15:52   0:00   4:21 
Lucas Raymond            0  0  0  -2  0   0  1  0  0  0  0/0    15:48   1:59   0:00 
Michael McLeod           0  0  0  -1  0   0  0  0  0  0  5/8     8:57   0:00   5:02 
Nikolaj Ehlers           1  0  1   0  2   2  1  0  0  0  1/1    19:01   1:58   0:11 
Nino Niederreiter        0  0  0   0  2   4  0  0  0  0  0/0    19:17   1:59   0:26 
Pius Suter               0  1  1  -2  0   1  2  1  0  0  12/22  16:06   2:17   0:00 
Sean Kuraly              0  0  0  -1  0   0  0  0  0  0  7/12   11:33   0:00   7:38 
Victor Olofsson          0  0  0   0  0   5  0  0  0  0  0/3     8:01   0:00   0:00 
Zack Kassian             0  0  0  -1  0   2  0  0  0  0  0/0     3:55   0:00   0:00 

3 Stars

1 - Sean Monahan (PHI)
2 - Joel Edmundson (PHI)
3 - Nick Schmaltz (PHI)

Power Play

PHILADELPHIA Flyers - 3 on 8 Attempt(s) - 37,50%
NEW YORK Islanders - 1 on 3 Attempt(s) - 33,33%

Penalty Kill

PHILADELPHIA Flyers - 2 on 3 Attempt(s) - 66,67% - Score 0 goal in Penalty Kill
NEW YORK Islanders - 5 on 8 Attempt(s) - 62,50% - Score 0 goal in Penalty Kill

Team Stat

PHILADELPHIA Flyers - Hits : 28 - Faceoff Wins : 45 - Blocked Shots : 8 - Penalty Minutes : 6
NEW YORK Islanders - Hits : 24 - Faceoff Wins : 46 - Blocked Shots : 12 - Penalty Minutes : 16

Official

Referees : Cianna Lieffers and Steve Kozari
Linesman : Ryan Gibbons and James Tobias

Game Notes

Anton Khudobin enters game at 5:31 of 2nd period

Finance

Level 1 -- Attendance: 6000 (100,00%) -- Ticket Income $510,000
Level 2 -- Attendance: 4766 (86,65%) -- Ticket Income $238,300
Level 3 -- Attendance: 2781 (92,70%) -- Ticket Income $69,525
Level 4 -- Attendance: 3388 (67,76%) -- Ticket Income $74,536
Luxury Box -- Attendance: 775 (77,50%) -- Ticket Income $166,625
Game was played at the Barclays Center.
Total Attendance: 17710 (86,39%)
Total Ticket Income: $1,058,986
Other Income: $264,746
Total Income: $1,323,732

PHILADELPHIA Flyers

5 vs 5 Forward 
   Center                   Left Wing                Right Wing               Time % Phy DF OF 
 1 Leon Draisaitl           Mike Hoffman             Claude Giroux            50     1   2  2  
 2 Sean Couturier           Sean Monahan             Nick Schmaltz            25     1   2  2  
 3 Sam Gagner               Jonathan Drouin          Adam Erne                15     1   2  2  
 4 Chris Tierney            Jakub Voracek            Josh Leivo               10     1   2  2  

5 vs 5 Defense 
   Defense                  Defense                                           Time % Phy DF OF 
 1 Ben Chiarot              Shea Weber                                        40     1   2  2  
 2 Alexander Edler          Justin Schultz                                    30     1   2  2  
 3 Joel Edmundson           Noah Juulsen                                      20     1   2  2  
 4 Alexander Edler          Shea Weber                                        10     1   2  2  

PowerPlay Forward 
   Center                   Left Wing                Right Wing               Time % Phy DF OF 
 1 Nick Schmaltz            Leon Draisaitl           Claude Giroux            60     1   2  2  
 2 Sean Monahan             Mike Hoffman             Adam Erne                40     1   2  2  

PowerPlay Defense
   Defense                  Defense                                           Time % Phy DF OF 
 1 Alexander Edler          Shea Weber                                        60     1   2  2  
 2 Ben Chiarot              Justin Schultz                                    40     1   2  2  

Penalty Kill 4 Players Forward 
   Center                   Wing                     Time % Phy DF OF 
 1 Leon Draisaitl           Claude Giroux            60     1   2  2  
 2 Sean Couturier           Nick Schmaltz            40     1   2  2  

Penalty Kill 4 Players Defense
   Defense                  Defense                  Time % Phy DF OF 
 1 Noah Juulsen             Ben Chiarot              60     1   2  2  
 2 Shea Weber               Joel Edmundson           40     1   2  2  

Penalty Kill - 3 Players Forward 
   Forward                                           Time % Phy DF OF 
 1 Leon Draisaitl                                    60     1   2  2  
 2 Claude Giroux                                     40     1   2  2  

Penalty Kill - 3 Players Defense
   Defense                  Defense                  Time % Phy DF OF 
 1 Shea Weber               Ben Chiarot              60     1   2  2  
 2 Justin Schultz           Joel Edmundson           40     1   2  2  

4 vs 4 Forward 
   Center                   Wing                     Time % Phy DF OF 
 1 Leon Draisaitl           Claude Giroux            60     1   2  2  
 2 Sean Monahan             Nick Schmaltz            40     1   2  2  

4 vs 4 Defense
   Defense                  Defense                  Time % Phy DF OF 
 1 Justin Schultz           Ben Chiarot              60     1   2  2  
 2 Shea Weber               Joel Edmundson           40     1   2  2  

Last Minutes Offensive
   Center                   Left Wing                Right Wing               Defense                  Defense                  
   Claude Giroux            Leon Draisaitl           Nick Schmaltz            Shea Weber               Ben Chiarot              

Last Minutes Defensive
   Center                   Left Wing                Right Wing               Defense                  Defense                  
   Sean Monahan             Jonathan Drouin          Claude Giroux            Alexander Edler          Justin Schultz           

Goaltenders
Starting : Connor Hellebuyck        
Backup : Arturs Silovs            

Extra Forwards
Normal : Sam Gagner, Adam Erne, Jonathan Drouin - PP : Sam Gagner, Adam Erne - PK : Jonathan Drouin
Extra Defensemen
Normal : Justin Schultz, Alexander Edler, Shea Weber - PP : Alexander Edler - PK : Shea Weber, Noah Juulsen
Penalty Shots
Leon Draisaitl, Claude Giroux, Jonathan Drouin, Nick Schmaltz, Mike Hoffman

Scratches
None

NEW YORK Islanders

5 vs 5 Forward 
   Center                   Left Wing                Right Wing               Time % Phy DF OF 
 1 Dillon Dube              Nino Niederreiter        Nikolaj Ehlers           40     1   2  2  
 2 Pius Suter               Lucas Raymond            Gustav Nyquist           30     1   2  2  
 3 Kirby Dach               Victor Olofsson          Jesper Fast              20     1   2  2  
 4 Michael McLeod           Sean Kuraly              Zack Kassian             10     1   2  2  

5 vs 5 Defense 
   Defense                  Defense                                           Time % Phy DF OF 
 1 Jacob Trouba             Erik Cernak                                       40     1   2  2  
 2 Ilya Lyubushkin          Braden Schneider                                  30     1   2  2  
 3 Logan Stanley            Ethan Bear                                        20     1   2  2  
 4 Erik Cernak              Jacob Trouba                                      10     1   2  2  

PowerPlay Forward 
   Center                   Left Wing                Right Wing               Time % Phy DF OF 
 1 Dillon Dube              Lucas Raymond            Nino Niederreiter        70     1   2  2  
 2 Pius Suter               Nikolaj Ehlers           Kirby Dach               30     1   2  2  

PowerPlay Defense
   Defense                  Defense                                           Time % Phy DF OF 
 1 Jacob Trouba             Erik Cernak                                       60     1   2  2  
 2 Ethan Bear               Braden Schneider                                  40     1   2  2  

Penalty Kill 4 Players Forward 
   Center                   Wing                     Time % Phy DF OF 
 1 Sean Kuraly              Gustav Nyquist           60     1   2  2  
 2 Michael McLeod           Jesper Fast              40     1   2  2  

Penalty Kill 4 Players Defense
   Defense                  Defense                  Time % Phy DF OF 
 1 Jacob Trouba             Erik Cernak              60     1   2  2  
 2 Braden Schneider         Ilya Lyubushkin          40     1   2  2  

Penalty Kill - 3 Players Forward 
   Forward                                           Time % Phy DF OF 
 1 Pius Suter                                        60     1   2  2  
 2 Sean Kuraly                                       40     1   2  2  

Penalty Kill - 3 Players Defense
   Defense                  Defense                  Time % Phy DF OF 
 1 Jacob Trouba             Erik Cernak              60     1   2  2  
 2 Ilya Lyubushkin          Logan Stanley            40     1   2  2  

4 vs 4 Forward 
   Center                   Wing                     Time % Phy DF OF 
 1 Kirby Dach               Nino Niederreiter        60     1   2  2  
 2 Pius Suter               Victor Olofsson          40     1   2  2  

4 vs 4 Defense
   Defense                  Defense                  Time % Phy DF OF 
 1 Jacob Trouba             Erik Cernak              60     1   2  2  
 2 Ilya Lyubushkin          Braden Schneider         40     1   2  2  

Last Minutes Offensive
   Center                   Left Wing                Right Wing               Defense                  Defense                  
   Dillon Dube              Nino Niederreiter        Nikolaj Ehlers           Jacob Trouba             Erik Cernak              

Last Minutes Defensive
   Center                   Left Wing                Right Wing               Defense                  Defense                  
   Pius Suter               Nino Niederreiter        Lucas Raymond            Jacob Trouba             Erik Cernak              

Goaltenders
Starting : Ilya Sorokin             
Backup : Anton Khudobin           

Extra Forwards
Normal : Nikolaj Ehlers, Kirby Dach, Lucas Raymond - PP : Nikolaj Ehlers, Kirby Dach - PK : Sean Kuraly
Extra Defensemen
Normal : Ethan Bear, Jacob Trouba, Braden Schneider - PP : Ethan Bear - PK : Erik Cernak, Logan Stanley
Penalty Shots
Nino Niederreiter, Lucas Raymond, Kirby Dach, Nikolaj Ehlers, Victor Olofsson

Scratches
Adam Ruzicka (Healthy), Brett Connolly (Healthy), Jay Beagle (Healthy)

% Time on Ice - PHILADELPHIA Flyers

Lines # - Real PCT - Wanted PCT - Time Play
Normal Forward
1 - 35% - 50% - 14:58
2 - 31% - 25% - 13:16
3 - 19% - 15% - 7:59
4 - 15% - 10% - 6:25
Normal Defense
1 - 36% - 40% - 15:17
2 - 35% - 30% - 14:57
3 - 29% - 20% - 12:20
4 - 0% - 10% - 0:04
PP Forward
1 - 56% - 60% - 7:23
2 - 44% - 40% - 5:43
PP Defense
1 - 56% - 60% - 7:19
2 - 44% - 40% - 5:47
PK Forward
1 - 89% - 60% - 3:47
2 - 11% - 40% - 0:29
PK Defense
1 - 68% - 60% - 2:53
2 - 32% - 40% - 1:23
PK3 Forward
1 - 0% - 60%
2 - 0% - 40%
PK3 Defense
1 - 0% - 60%
2 - 0% - 40%
44 Forward
1 - 0% - 60%
2 - 0% - 40%
44 Defense
1 - 0% - 60%
2 - 0% - 40%
Last Minute Offensive  - 0:00
Last Minute Defensive  - 0:00
Total
Forward - 60:00
Defense - 60:00

% Time on Ice - NEW YORK Islanders

Lines # - Real PCT - Wanted PCT - Time Play
Normal Forward
1 - 40% - 40% - 16:53
2 - 32% - 30% - 13:49
3 - 19% - 20% - 8:01
4 - 9% - 10% - 3:55
Normal Defense
1 - 41% - 40% - 17:25
2 - 31% - 30% - 13:23
3 - 27% - 20% - 11:31
4 - 1% - 10% - 0:19
PP Forward
1 - 46% - 70% - 1:59
2 - 54% - 30% - 2:17
PP Defense
1 - 46% - 60% - 1:59
2 - 54% - 40% - 2:17
PK Forward
1 - 62% - 60% - 8:04
2 - 38% - 40% - 5:02
PK Defense
1 - 54% - 60% - 7:07
2 - 46% - 40% - 5:59
PK3 Forward
1 - 0% - 60%
2 - 0% - 40%
PK3 Defense
1 - 0% - 60%
2 - 0% - 40%
44 Forward
1 - 0% - 60%
2 - 0% - 40%
44 Defense
1 - 0% - 60%
2 - 0% - 40%
Last Minute Offensive  - 0:00
Last Minute Defensive  - 0:00
Total
Forward - 60:00
Defense - 60:00

Play-by-Play

1st period


0:01 of 1st period - Dillon Dube wins face-off versus Leon Draisaitl in neutral zone.
0:07 of 1st period - Dillon Dube is hit by Ben Chiarot and loses puck.
0:38 of 1st period - Shot by Leon Draisaitl.
0:38 of 1st period - Shot Misses the Net.
0:53 of 1st period - Jacob Trouba is hit by Sean Couturier and loses puck.
1:21 of 1st period - Shot by Sean Monahan.
1:21 of 1st period - Shot Misses the Net.
1:33 of 1st period - Shot by Braden Schneider.
1:33 of 1st period - Shot Misses the Net.
1:35 of 1st period - Shot by Ilya Lyubushkin.
1:35 of 1st period - Shot Blocked by Justin Schultz.
1:37 of 1st period - Shot by Braden Schneider.
1:37 of 1st period - Shot Misses the Net.
1:39 of 1st period - Shot by Lucas Raymond.
1:39 of 1st period - Deflect By Gustav Nyquist.
1:39 of 1st period - Shot Misses the Net.
1:41 of 1st period - Shot by Braden Schneider.
1:41 of 1st period - Stopped by Connor Hellebuyck with a rebound.
1:43 of 1st period - Shot by Braden Schneider.
1:43 of 1st period - Stopped by Connor Hellebuyck without a rebound.
1:44 of 1st period - Kirby Dach wins face-off versus Sam Gagner in PHILADELPHIA Flyers zone.
1:53 of 1st period - Shot by Victor Olofsson.
1:53 of 1st period - Stopped by Connor Hellebuyck with a rebound.
2:24 of 1st period - Minor Penalty to Kirby Dach for Slashing.
2:25 of 1st period - Nick Schmaltz wins face-off versus Sean Kuraly in NEW YORK Islanders zone.
2:42 of 1st period - Shot by Alexander Edler.
2:42 of 1st period - Shot Misses the Net.
3:41 of 1st period - Shot by Adam Erne.
3:41 of 1st period - Shot Blocked by Braden Schneider.
3:43 of 1st period - Shot by Ben Chiarot.
3:43 of 1st period - Shot Misses the Net.
3:45 of 1st period - Shot by Adam Erne.
3:45 of 1st period - Shot Misses the Net.
3:47 of 1st period - Shot by Justin Schultz.
3:47 of 1st period - Shot Blocked by Ilya Lyubushkin.
3:49 of 1st period - Shot by Mike Hoffman.
3:49 of 1st period - Stopped by Ilya Sorokin without a rebound.
3:50 of 1st period - Michael McLeod wins face-off versus Sean Monahan in NEW YORK Islanders zone.
3:59 of 1st period - Shot by Ben Chiarot.
3:59 of 1st period - Shot Misses the Net.
4:01 of 1st period - Shot by Sean Monahan.
4:01 of 1st period - Stopped by Ilya Sorokin without a rebound.
4:02 of 1st period - Sean Kuraly wins face-off versus Nick Schmaltz in NEW YORK Islanders zone.
4:02 of 1st period - Sean Kuraly is hit by Claude Giroux.
4:43 of 1st period - Shot by Chris Tierney.
4:43 of 1st period - Shot Misses the Net.
5:10 of 1st period - Off-side.
5:11 of 1st period - Pius Suter wins face-off versus Mike Hoffman in neutral zone.
5:14 of 1st period - Shot by Ilya Lyubushkin.
5:14 of 1st period - Stopped by Connor Hellebuyck without a rebound.
5:15 of 1st period - Pius Suter wins face-off versus Leon Draisaitl in PHILADELPHIA Flyers zone.
5:18 of 1st period - Shot by Lucas Raymond.
5:18 of 1st period - Deflect By Gustav Nyquist.
5:18 of 1st period - Stopped by Connor Hellebuyck without a rebound.
5:19 of 1st period - Leon Draisaitl wins face-off versus Pius Suter in PHILADELPHIA Flyers zone.
5:19 of 1st period - Leon Draisaitl is hit by Pius Suter.
5:30 of 1st period - Lucas Raymond is hit by Shea Weber and loses puck.
5:42 of 1st period - Shot by Mike Hoffman.
5:42 of 1st period - Deflect By Claude Giroux.
5:42 of 1st period - Goal by Claude Giroux - PHILADELPHIA Flyers : 1 - NEW YORK Islanders : 0.
5:43 of 1st period - Michael McLeod wins face-off versus Sean Couturier in neutral zone.
6:03 of 1st period - Sean Kuraly is hit by Alexander Edler and loses puck.
6:45 of 1st period - Shot by Gustav Nyquist.
6:45 of 1st period - Stopped by Connor Hellebuyck without a rebound.
6:46 of 1st period - Leon Draisaitl wins face-off versus Dillon Dube in PHILADELPHIA Flyers zone.
6:59 of 1st period - Shot by Dillon Dube.
6:59 of 1st period - Shot Misses the Net.
7:01 of 1st period - Shot by Dillon Dube.
7:01 of 1st period - Deflect By Nino Niederreiter.
7:01 of 1st period - Shot Misses the Net.
7:06 of 1st period - Nikolaj Ehlers is hit by Shea Weber and loses puck.
7:09 of 1st period - Shot by Dillon Dube.
7:09 of 1st period - Shot Blocked by Shea Weber.
7:13 of 1st period - Shot by Nino Niederreiter.
7:13 of 1st period - Shot Misses the Net.
7:15 of 1st period - Shot by Ethan Bear.
7:15 of 1st period - Stopped by Connor Hellebuyck without a rebound.
7:16 of 1st period - Gustav Nyquist wins face-off versus Sam Gagner in PHILADELPHIA Flyers zone.
7:16 of 1st period - Gustav Nyquist is hit by Joel Edmundson.
7:38 of 1st period - Shot by Adam Erne.
7:38 of 1st period - Shot Misses the Net.
7:40 of 1st period - Shot by Joel Edmundson.
7:40 of 1st period - Shot Blocked by Braden Schneider.
7:49 of 1st period - Minor Penalty to Ilya Lyubushkin for Goalie Interference.
7:50 of 1st period - Sean Kuraly wins face-off versus Nick Schmaltz in NEW YORK Islanders zone.
8:09 of 1st period - Sean Kuraly is hit by Nick Schmaltz and loses puck.
8:28 of 1st period - Shot by Nick Schmaltz.
8:28 of 1st period - Goal by Nick Schmaltz - PHILADELPHIA Flyers : 2 - NEW YORK Islanders : 0.
8:29 of 1st period - Dillon Dube wins face-off versus Chris Tierney in neutral zone.
8:44 of 1st period - Dillon Dube is hit by Jakub Voracek and loses puck.
8:51 of 1st period - Shot by Chris Tierney.
8:51 of 1st period - Stopped by Ilya Sorokin with a rebound.
8:53 of 1st period - Shot by Joel Edmundson.
8:53 of 1st period - Shot Misses the Net.
8:55 of 1st period - Shot by Jakub Voracek.
8:55 of 1st period - Stopped by Ilya Sorokin without a rebound.
8:56 of 1st period - Sam Gagner wins face-off versus Kirby Dach in NEW YORK Islanders zone.
8:59 of 1st period - Shot by Adam Erne.
8:59 of 1st period - Shot Blocked by Jacob Trouba.
9:01 of 1st period - Shot by Ben Chiarot.
9:01 of 1st period - Stopped by Ilya Sorokin with a rebound.
9:17 of 1st period - Jacob Trouba is hit by Adam Erne and loses puck.
9:29 of 1st period - Icing by Erik Cernak.
9:30 of 1st period - Leon Draisaitl wins face-off versus Kirby Dach in NEW YORK Islanders zone.
10:24 of 1st period - Icing by Ilya Lyubushkin.
10:25 of 1st period - Sean Couturier wins face-off versus Gustav Nyquist in NEW YORK Islanders zone.
11:15 of 1st period - Icing by Braden Schneider.
11:16 of 1st period - Sam Gagner wins face-off versus Pius Suter in NEW YORK Islanders zone.
11:36 of 1st period - Shot by Jonathan Drouin.
11:36 of 1st period - Shot Misses the Net.
11:56 of 1st period - Shot by Adam Erne.
11:56 of 1st period - Stopped by Ilya Sorokin with a rebound.
12:18 of 1st period - Shot by Leon Draisaitl.
12:18 of 1st period - Stopped by Ilya Sorokin without a rebound.
12:19 of 1st period - Dillon Dube wins face-off versus Chris Tierney in NEW YORK Islanders zone.
12:41 of 1st period - Icing by Ben Chiarot.
12:42 of 1st period - Chris Tierney wins face-off versus Victor Olofsson in PHILADELPHIA Flyers zone.
13:03 of 1st period - Shot by Chris Tierney.
13:03 of 1st period - Shot Misses the Net.
13:09 of 1st period - Shot by Victor Olofsson.
13:09 of 1st period - Stopped by Connor Hellebuyck with a rebound.
13:19 of 1st period - Shot by Victor Olofsson.
13:19 of 1st period - Stopped by Connor Hellebuyck without a rebound.
13:20 of 1st period - Leon Draisaitl wins face-off versus Dillon Dube in PHILADELPHIA Flyers zone.
13:20 of 1st period - Leon Draisaitl is hit by Dillon Dube.
13:25 of 1st period - Off-side.
13:26 of 1st period - Dillon Dube wins face-off versus Leon Draisaitl in neutral zone.
13:39 of 1st period - Shot by Nikolaj Ehlers.
13:39 of 1st period - Stopped by Connor Hellebuyck with a rebound.
13:52 of 1st period - Leon Draisaitl is hit by Erik Cernak.
13:57 of 1st period - Mike Hoffman is hit by Erik Cernak.
14:01 of 1st period - Shot by Leon Draisaitl.
14:01 of 1st period - Shot Misses the Net.
14:31 of 1st period - Shot by Sean Monahan.
14:31 of 1st period - Goal by Sean Monahan - PHILADELPHIA Flyers : 3 - NEW YORK Islanders : 0.
14:32 of 1st period - Sam Gagner wins face-off versus Pius Suter in neutral zone.
14:59 of 1st period - Icing by Pius Suter.
15:00 of 1st period - Sean Couturier wins face-off versus Pius Suter in NEW YORK Islanders zone.
15:29 of 1st period - Shot by Nick Schmaltz.
15:29 of 1st period - Goal by Nick Schmaltz - PHILADELPHIA Flyers : 4 - NEW YORK Islanders : 0.
15:30 of 1st period - Dillon Dube wins face-off versus Leon Draisaitl in neutral zone.
15:32 of 1st period - Nikolaj Ehlers is hit by Claude Giroux and loses puck.
15:41 of 1st period - Shot by Leon Draisaitl.
15:41 of 1st period - Shot Blocked by Jacob Trouba.
15:48 of 1st period - Minor Penalty to Claude Giroux for Roughing.
15:49 of 1st period - Leon Draisaitl wins face-off versus Dillon Dube in PHILADELPHIA Flyers zone.
15:55 of 1st period - Icing by Jacob Trouba.
15:56 of 1st period - Leon Draisaitl wins face-off versus Dillon Dube in NEW YORK Islanders zone.
16:05 of 1st period - Shot by Lucas Raymond.
16:05 of 1st period - Shot Misses the Net.
17:05 of 1st period - Icing by Pius Suter.
17:06 of 1st period - Pius Suter wins face-off versus Leon Draisaitl in NEW YORK Islanders zone.
17:47 of 1st period - Shot by Ethan Bear.
17:47 of 1st period - Shot Misses the Net.
18:00 of 1st period - Justin Schultz is hit by Logan Stanley and loses puck.
18:18 of 1st period - Shot by Nick Schmaltz.
18:18 of 1st period - Deflect By Sean Monahan.
18:18 of 1st period - Stopped by Ilya Sorokin without a rebound.
18:19 of 1st period - Kirby Dach wins face-off versus Chris Tierney in NEW YORK Islanders zone.
18:19 of 1st period - Jacob Trouba is hit by Chris Tierney and loses puck.
18:28 of 1st period - Shot by Ben Chiarot.
18:28 of 1st period - Shot Misses the Net.
18:29 of 1st period - Minor Penalty to Erik Cernak for Slashing.
18:30 of 1st period - Sean Kuraly wins face-off versus Mike Hoffman in NEW YORK Islanders zone.
18:41 of 1st period - Shot by Alexander Edler.
18:41 of 1st period - Stopped by Ilya Sorokin with a rebound.
18:43 of 1st period - Shot by Alexander Edler.
18:43 of 1st period - Shot Blocked by Gustav Nyquist.
19:46 of 1st period - Icing by Justin Schultz.
19:47 of 1st period - Michael McLeod wins face-off versus Claude Giroux in PHILADELPHIA Flyers zone.
Goals for this period are 4 for PHILADELPHIA Flyers vs 0 for NEW YORK Islanders.
Shots for this period are 13 for PHILADELPHIA Flyers vs 10 for NEW YORK Islanders.

2nd period


0:01 of 2nd period - Sean Kuraly wins face-off versus Nick Schmaltz in neutral zone.
0:07 of 2nd period - Icing by Leon Draisaitl.
0:08 of 2nd period - Sean Kuraly wins face-off versus Nick Schmaltz in PHILADELPHIA Flyers zone.
0:37 of 2nd period - Minor Penalty to Erik Cernak for Roughing.
0:38 of 2nd period - Sean Monahan wins face-off versus Sean Kuraly in NEW YORK Islanders zone.
0:41 of 2nd period - Shot by Ben Chiarot.
0:41 of 2nd period - Stopped by Ilya Sorokin with a rebound.
1:01 of 2nd period - Shot by Ben Chiarot.
1:01 of 2nd period - Shot Misses the Net.
1:33 of 2nd period - Icing by Alexander Edler.
1:34 of 2nd period - Sean Kuraly wins face-off versus Nick Schmaltz in PHILADELPHIA Flyers zone.
2:13 of 2nd period - Shot by Claude Giroux.
2:13 of 2nd period - Shot Misses the Net.
2:29 of 2nd period - Shot by Mike Hoffman.
2:29 of 2nd period - Stopped by Ilya Sorokin without a rebound.
2:30 of 2nd period - Sean Monahan wins face-off versus Gustav Nyquist in NEW YORK Islanders zone.
3:06 of 2nd period - Shot by Jakub Voracek.
3:06 of 2nd period - Stopped by Ilya Sorokin without a rebound.
3:07 of 2nd period - Jesper Fast wins face-off versus Sam Gagner in NEW YORK Islanders zone.
3:07 of 2nd period - Jesper Fast is hit by Sam Gagner.
3:14 of 2nd period - Off-side.
3:15 of 2nd period - Pius Suter wins face-off versus Leon Draisaitl in neutral zone.
3:51 of 2nd period - Shot by Lucas Raymond.
3:51 of 2nd period - Shot Blocked by Alexander Edler.
3:56 of 2nd period - Claude Giroux is hit by Braden Schneider and loses puck.
4:00 of 2nd period - Minor Penalty to Ilya Lyubushkin for Boarding.
4:01 of 2nd period - Sean Monahan wins face-off versus Sean Kuraly in NEW YORK Islanders zone.
5:20 of 2nd period - Adam Erne is hit by Logan Stanley and loses puck.
5:28 of 2nd period - Sean Monahan is hit by Logan Stanley and loses puck.
5:31 of 2nd period - Shot by Joel Edmundson.
5:31 of 2nd period - Goal by Joel Edmundson - PHILADELPHIA Flyers : 5 - NEW YORK Islanders : 0.
5:31 of 2nd period - Anton Khudobin enters game.
5:32 of 2nd period - Dillon Dube wins face-off versus Jakub Voracek in neutral zone.
5:37 of 2nd period - Chris Tierney is hit by Dillon Dube and loses puck.
5:42 of 2nd period - Shot by Nino Niederreiter.
5:42 of 2nd period - Stopped by Connor Hellebuyck with a rebound.
5:44 of 2nd period - Shot by Dillon Dube.
5:44 of 2nd period - Stopped by Connor Hellebuyck without a rebound.
5:45 of 2nd period - Dillon Dube wins face-off versus Sean Couturier in PHILADELPHIA Flyers zone.
5:57 of 2nd period - Icing by Nick Schmaltz.
5:58 of 2nd period - Sean Couturier wins face-off versus Kirby Dach in PHILADELPHIA Flyers zone.
6:18 of 2nd period - Shot by Nick Schmaltz.
6:18 of 2nd period - Stopped by Anton Khudobin without a rebound.
6:19 of 2nd period - Dillon Dube wins face-off versus Leon Draisaitl in NEW YORK Islanders zone.
6:27 of 2nd period - Icing by Justin Schultz.
6:28 of 2nd period - Dillon Dube wins face-off versus Leon Draisaitl in PHILADELPHIA Flyers zone.
6:50 of 2nd period - Leon Draisaitl is hit by Jacob Trouba.
6:53 of 2nd period - Icing by Jacob Trouba.
6:54 of 2nd period - Dillon Dube wins face-off versus Sean Couturier in NEW YORK Islanders zone.
7:07 of 2nd period - Shot by Dillon Dube.
7:07 of 2nd period - Stopped by Connor Hellebuyck without a rebound.
7:08 of 2nd period - Leon Draisaitl wins face-off versus Pius Suter in PHILADELPHIA Flyers zone.
7:22 of 2nd period - Claude Giroux is hit by Ilya Lyubushkin and loses puck.
7:47 of 2nd period - Shot by Braden Schneider.
7:47 of 2nd period - Stopped by Connor Hellebuyck without a rebound.
7:48 of 2nd period - Sean Couturier wins face-off versus Dillon Dube in PHILADELPHIA Flyers zone.
8:07 of 2nd period - Shot by Nino Niederreiter.
8:07 of 2nd period - Shot Misses the Net.
8:16 of 2nd period - Sean Monahan is hit by Jacob Trouba and loses puck.
8:19 of 2nd period - Shot by Sean Couturier.
8:19 of 2nd period - Shot Blocked by Erik Cernak.
8:38 of 2nd period - Icing by Jacob Trouba.
8:39 of 2nd period - Dillon Dube wins face-off versus Leon Draisaitl in NEW YORK Islanders zone.
8:58 of 2nd period - Off-side.
8:59 of 2nd period - Sam Gagner wins face-off versus Victor Olofsson in neutral zone.
8:59 of 2nd period - Sam Gagner is hit by Kirby Dach.
9:05 of 2nd period - Icing by Victor Olofsson.
9:06 of 2nd period - Kirby Dach wins face-off versus Leon Draisaitl in NEW YORK Islanders zone.
9:13 of 2nd period - Shot by Claude Giroux.
9:13 of 2nd period - Shot Misses the Net.
9:30 of 2nd period - Mike Hoffman is hit by Braden Schneider and loses puck.
9:39 of 2nd period - Shot by Claude Giroux.
9:39 of 2nd period - Shot Blocked by Ilya Lyubushkin.
9:41 of 2nd period - Shot by Justin Schultz.
9:41 of 2nd period - Shot Misses the Net.
9:47 of 2nd period - Shot by Mike Hoffman.
9:47 of 2nd period - Stopped by Anton Khudobin without a rebound.
9:48 of 2nd period - Sean Couturier wins face-off versus Pius Suter in NEW YORK Islanders zone.
9:48 of 2nd period - Sean Couturier is hit by Ethan Bear.
10:16 of 2nd period - Shot by Nick Schmaltz.
10:16 of 2nd period - Shot Blocked by Pius Suter.
10:27 of 2nd period - Nick Schmaltz is hit by Ethan Bear and loses puck.
11:00 of 2nd period - Shot by Nino Niederreiter.
11:00 of 2nd period - Stopped by Connor Hellebuyck without a rebound.
11:01 of 2nd period - Mike Hoffman wins face-off versus Victor Olofsson in PHILADELPHIA Flyers zone.
11:26 of 2nd period - Shot by Leon Draisaitl.
11:26 of 2nd period - Shot Blocked by Braden Schneider.
12:27 of 2nd period - Shot by Jonathan Drouin.
12:27 of 2nd period - Stopped by Anton Khudobin without a rebound.
12:28 of 2nd period - Sean Couturier wins face-off versus Pius Suter in NEW YORK Islanders zone.
12:56 of 2nd period - Noah Juulsen is hit by Lucas Raymond and loses puck.
13:41 of 2nd period - Shot by Nino Niederreiter.
13:41 of 2nd period - Stopped by Connor Hellebuyck without a rebound.
13:42 of 2nd period - Sam Gagner wins face-off versus Michael McLeod in PHILADELPHIA Flyers zone.
14:01 of 2nd period - Shot by Zack Kassian.
14:01 of 2nd period - Stopped by Connor Hellebuyck without a rebound.
14:02 of 2nd period - Nikolaj Ehlers wins face-off versus Leon Draisaitl in PHILADELPHIA Flyers zone.
14:33 of 2nd period - Shot by Dillon Dube.
14:33 of 2nd period - Shot Misses the Net.
15:13 of 2nd period - Shot by Pius Suter.
15:13 of 2nd period - Shot Misses the Net.
15:15 of 2nd period - Shot by Gustav Nyquist.
15:15 of 2nd period - Shot Misses the Net.
15:17 of 2nd period - Shot by Pius Suter.
15:17 of 2nd period - Stopped by Connor Hellebuyck without a rebound.
15:18 of 2nd period - Sean Couturier wins face-off versus Kirby Dach in PHILADELPHIA Flyers zone.
15:41 of 2nd period - Shot by Sean Monahan.
15:41 of 2nd period - Stopped by Anton Khudobin without a rebound.
15:42 of 2nd period - Pius Suter wins face-off versus Adam Erne in NEW YORK Islanders zone.
15:42 of 2nd period - Pius Suter is hit by Jonathan Drouin.
15:45 of 2nd period - Icing by Braden Schneider.
15:46 of 2nd period - Sam Gagner wins face-off versus Pius Suter in NEW YORK Islanders zone.
16:30 of 2nd period - Shot by Lucas Raymond.
16:30 of 2nd period - Shot Misses the Net.
16:44 of 2nd period - Shot by Nino Niederreiter.
16:44 of 2nd period - Stopped by Connor Hellebuyck without a rebound.
16:45 of 2nd period - Leon Draisaitl wins face-off versus Dillon Dube in PHILADELPHIA Flyers zone.
17:07 of 2nd period - Off-side.
17:08 of 2nd period - Sean Couturier wins face-off versus Michael McLeod in neutral zone.
17:40 of 2nd period - Michael McLeod is hit by Alexander Edler and loses puck.
17:45 of 2nd period - Shot by Michael McLeod.
17:45 of 2nd period - Deflect By Sean Kuraly.
17:45 of 2nd period - Shot Misses the Net.
17:47 of 2nd period - Shot by Zack Kassian.
17:47 of 2nd period - Shot Blocked by Alexander Edler.
17:51 of 2nd period - Shot by Michael McLeod.
17:51 of 2nd period - Shot Blocked by Justin Schultz.
18:16 of 2nd period - Jacob Trouba is hit by Ben Chiarot and loses puck.
18:28 of 2nd period - Shea Weber is hit by Jacob Trouba and loses puck.
19:12 of 2nd period - Nino Niederreiter is hit by Noah Juulsen and loses puck.
19:29 of 2nd period - Shot by Chris Tierney.
19:29 of 2nd period - Deflect By Josh Leivo.
19:29 of 2nd period - Shot Misses the Net.
19:40 of 2nd period - Minor Penalty to Noah Juulsen for Holding.
19:41 of 2nd period - Pius Suter wins face-off versus Leon Draisaitl in PHILADELPHIA Flyers zone.
Goals for this period are 1 for PHILADELPHIA Flyers vs 0 for NEW YORK Islanders.
Shots for this period are 8 for PHILADELPHIA Flyers vs 9 for NEW YORK Islanders.

3rd period


0:01 of 3rd period - Leon Draisaitl wins face-off versus Dillon Dube in neutral zone.
0:28 of 3rd period - Shot by Jacob Trouba.
0:28 of 3rd period - Shot Misses the Net.
0:30 of 3rd period - Shot by Jacob Trouba.
0:30 of 3rd period - Stopped by Connor Hellebuyck without a rebound.
0:31 of 3rd period - Claude Giroux wins face-off versus Kirby Dach in PHILADELPHIA Flyers zone.
0:31 of 3rd period - Claude Giroux is hit by Nikolaj Ehlers.
1:38 of 3rd period - Lucas Raymond is hit by Joel Edmundson.
1:59 of 3rd period - Shot by Zack Kassian.
1:59 of 3rd period - Stopped by Connor Hellebuyck without a rebound.
2:00 of 3rd period - Kirby Dach wins face-off versus Sam Gagner in PHILADELPHIA Flyers zone.
2:12 of 3rd period - Icing by Justin Schultz.
2:13 of 3rd period - Michael McLeod wins face-off versus Sam Gagner in PHILADELPHIA Flyers zone.
2:19 of 3rd period - Zack Kassian is hit by Alexander Edler and loses puck.
3:17 of 3rd period - Claude Giroux is hit by Jacob Trouba and loses puck.
3:31 of 3rd period - Leon Draisaitl is hit by Jacob Trouba and loses puck.
3:36 of 3rd period - Shot by Claude Giroux.
3:36 of 3rd period - Stopped by Anton Khudobin without a rebound.
3:37 of 3rd period - Pius Suter wins face-off versus Sean Couturier in NEW YORK Islanders zone.
3:37 of 3rd period - Pius Suter is hit by Sean Couturier.
4:39 of 3rd period - Shot by Dillon Dube.
4:39 of 3rd period - Stopped by Connor Hellebuyck with a rebound.
4:41 of 3rd period - Shot by Dillon Dube.
4:41 of 3rd period - Shot Misses the Net.
4:49 of 3rd period - Shot by Dillon Dube.
4:49 of 3rd period - Shot Misses the Net.
4:58 of 3rd period - Icing by Justin Schultz.
4:59 of 3rd period - Chris Tierney wins face-off versus Kirby Dach in PHILADELPHIA Flyers zone.
5:26 of 3rd period - Shot by Victor Olofsson.
5:26 of 3rd period - Stopped by Connor Hellebuyck without a rebound.
5:27 of 3rd period - Leon Draisaitl wins face-off versus Dillon Dube in PHILADELPHIA Flyers zone.
5:39 of 3rd period - Off-side.
5:40 of 3rd period - Pius Suter wins face-off versus Sean Couturier in neutral zone.
5:43 of 3rd period - Nick Schmaltz is hit by Pius Suter and loses puck.
6:07 of 3rd period - Gustav Nyquist is hit by Joel Edmundson and loses puck.
6:19 of 3rd period - Icing by Noah Juulsen.
6:20 of 3rd period - Sean Couturier wins face-off versus Dillon Dube in PHILADELPHIA Flyers zone.
6:38 of 3rd period - Shot by Dillon Dube.
6:38 of 3rd period - Stopped by Connor Hellebuyck without a rebound.
6:39 of 3rd period - Leon Draisaitl wins face-off versus Kirby Dach in PHILADELPHIA Flyers zone.
6:50 of 3rd period - Shot by Jesper Fast.
6:50 of 3rd period - Stopped by Connor Hellebuyck with a rebound.
6:54 of 3rd period - Shot by Kirby Dach.
6:54 of 3rd period - Stopped by Connor Hellebuyck without a rebound.
6:55 of 3rd period - Dillon Dube wins face-off versus Sam Gagner in PHILADELPHIA Flyers zone.
7:52 of 3rd period - Shot by Ilya Lyubushkin.
7:52 of 3rd period - Shot Misses the Net.
7:54 of 3rd period - Shot by Braden Schneider.
7:54 of 3rd period - Stopped by Connor Hellebuyck without a rebound.
7:55 of 3rd period - Pius Suter wins face-off versus Mike Hoffman in PHILADELPHIA Flyers zone.
8:25 of 3rd period - Shot by Claude Giroux.
8:25 of 3rd period - Shot Misses the Net.
8:32 of 3rd period - Icing by Gustav Nyquist.
8:33 of 3rd period - Pius Suter wins face-off versus Sean Couturier in NEW YORK Islanders zone.
8:44 of 3rd period - Shot by Nick Schmaltz.
8:44 of 3rd period - Deflect By Sean Monahan.
8:44 of 3rd period - Shot Misses the Net.
9:14 of 3rd period - Shot by Nick Schmaltz.
9:14 of 3rd period - Stopped by Anton Khudobin without a rebound.
9:14 of 3rd period - Minor Penalty to Anton Khudobin for Slashing.
9:15 of 3rd period - Nick Schmaltz wins face-off versus Gustav Nyquist in NEW YORK Islanders zone.
9:32 of 3rd period - Shot by Claude Giroux.
9:32 of 3rd period - Shot Misses the Net.
9:34 of 3rd period - Shot by Nick Schmaltz.
9:34 of 3rd period - Stopped by Anton Khudobin with a rebound.
9:36 of 3rd period - Shot by Leon Draisaitl.
9:36 of 3rd period - Shot Blocked by Ilya Lyubushkin.
10:10 of 3rd period - Shot by Justin Schultz.
10:10 of 3rd period - Shot Misses the Net.
10:12 of 3rd period - Shot by Ben Chiarot.
10:12 of 3rd period - Stopped by Anton Khudobin without a rebound.
10:13 of 3rd period - Sean Monahan wins face-off versus Sean Kuraly in NEW YORK Islanders zone.
10:34 of 3rd period - Shot by Adam Erne.
10:34 of 3rd period - Shot Misses the Net.
10:38 of 3rd period - Shot by Ben Chiarot.
10:38 of 3rd period - Shot Misses the Net.
10:40 of 3rd period - Shot by Justin Schultz.
10:40 of 3rd period - Shot Misses the Net.
11:17 of 3rd period - Minor Penalty to Nikolaj Ehlers for Holding.
11:18 of 3rd period - Sean Kuraly wins face-off versus Nick Schmaltz in NEW YORK Islanders zone.
12:59 of 3rd period - Shot by Claude Giroux.
12:59 of 3rd period - Shot Misses the Net.
13:03 of 3rd period - Shot by Claude Giroux.
13:03 of 3rd period - Shot Misses the Net.
13:05 of 3rd period - Shot by Claude Giroux.
13:05 of 3rd period - Shot Misses the Net.
13:07 of 3rd period - Shot by Leon Draisaitl.
13:07 of 3rd period - Stopped by Anton Khudobin without a rebound.
13:08 of 3rd period - Nick Schmaltz wins face-off versus Michael McLeod in NEW YORK Islanders zone.
13:30 of 3rd period - Minor Penalty to Nino Niederreiter for Roughing.
13:31 of 3rd period - Nick Schmaltz wins face-off versus Sean Kuraly in NEW YORK Islanders zone.
14:14 of 3rd period - Erik Cernak is hit by Adam Erne and loses puck.
14:23 of 3rd period - Shot by Ben Chiarot.
14:23 of 3rd period - Stopped by Anton Khudobin with a rebound.
14:25 of 3rd period - Shot by Ben Chiarot.
14:25 of 3rd period - Deflect By Mike Hoffman.
14:25 of 3rd period - Shot Misses the Net.
14:31 of 3rd period - Shot by Adam Erne.
14:31 of 3rd period - Goal by Adam Erne - PHILADELPHIA Flyers : 6 - NEW YORK Islanders : 0.
14:32 of 3rd period - Jakub Voracek wins face-off versus Dillon Dube in neutral zone.
14:32 of 3rd period - Jakub Voracek is hit by Dillon Dube.
14:38 of 3rd period - Shot by Josh Leivo.
14:38 of 3rd period - Stopped by Anton Khudobin with a rebound.
14:41 of 3rd period - Icing by Logan Stanley.
14:42 of 3rd period - Dillon Dube wins face-off versus Chris Tierney in NEW YORK Islanders zone.
14:42 of 3rd period - Nikolaj Ehlers is hit by Josh Leivo and loses puck.
15:04 of 3rd period - Dillon Dube is hit by Noah Juulsen and loses puck.
15:14 of 3rd period - Icing by Josh Leivo.
15:15 of 3rd period - Chris Tierney wins face-off versus Kirby Dach in PHILADELPHIA Flyers zone.
15:44 of 3rd period - Erik Cernak is hit by Claude Giroux and loses puck.
15:55 of 3rd period - Shot by Mike Hoffman.
15:55 of 3rd period - Stopped by Anton Khudobin without a rebound.
15:56 of 3rd period - Dillon Dube wins face-off versus Sean Monahan in NEW YORK Islanders zone.
16:05 of 3rd period - Shot by Nikolaj Ehlers.
16:05 of 3rd period - Shot Blocked by Alexander Edler.
16:07 of 3rd period - Shot by Ilya Lyubushkin.
16:07 of 3rd period - Stopped by Connor Hellebuyck without a rebound.
16:08 of 3rd period - Pius Suter wins face-off versus Leon Draisaitl in PHILADELPHIA Flyers zone.
16:08 of 3rd period - Pius Suter is hit by Shea Weber.
16:43 of 3rd period - Shot by Leon Draisaitl.
16:43 of 3rd period - Stopped by Anton Khudobin with a rebound.
16:45 of 3rd period - Shot by Ben Chiarot.
16:45 of 3rd period - Shot Misses the Net.
16:47 of 3rd period - Shot by Claude Giroux.
16:47 of 3rd period - Stopped by Anton Khudobin with a rebound.
16:49 of 3rd period - Shot by Ben Chiarot.
16:49 of 3rd period - Stopped by Anton Khudobin without a rebound.
16:50 of 3rd period - Sean Couturier wins face-off versus Dillon Dube in NEW YORK Islanders zone.
16:56 of 3rd period - Icing by Nikolaj Ehlers.
16:57 of 3rd period - Sean Couturier wins face-off versus Dillon Dube in NEW YORK Islanders zone.
17:20 of 3rd period - Shot by Sean Monahan.
17:20 of 3rd period - Shot Misses the Net.
17:30 of 3rd period - Shot by Nick Schmaltz.
17:30 of 3rd period - Shot Blocked by Jacob Trouba.
17:35 of 3rd period - Jacob Trouba is hit by Sean Monahan and loses puck.
17:40 of 3rd period - Shot by Nikolaj Ehlers.
17:40 of 3rd period - Shot Misses the Net.
17:49 of 3rd period - Icing by Sean Couturier.
17:50 of 3rd period - Pius Suter wins face-off versus Sean Couturier in PHILADELPHIA Flyers zone.
17:50 of 3rd period - Lucas Raymond is hit by Justin Schultz and loses puck.
17:56 of 3rd period - Minor Penalty to Alexander Edler for Tripping.
17:57 of 3rd period - Claude Giroux wins face-off versus Pius Suter in PHILADELPHIA Flyers zone.
18:06 of 3rd period - Shot by Ethan Bear.
18:06 of 3rd period - Stopped by Connor Hellebuyck with a rebound.
18:12 of 3rd period - Shot by Pius Suter.
18:12 of 3rd period - Shot Blocked by Joel Edmundson.
18:14 of 3rd period - Shot by Nikolaj Ehlers.
18:14 of 3rd period - Goal by Nikolaj Ehlers - PHILADELPHIA Flyers : 6 - NEW YORK Islanders : 1.
18:15 of 3rd period - Michael McLeod wins face-off versus Sam Gagner in neutral zone.
18:19 of 3rd period - Shot by Jacob Trouba.
18:19 of 3rd period - Stopped by Connor Hellebuyck without a rebound.
18:20 of 3rd period - Mike Hoffman wins face-off versus Kirby Dach in PHILADELPHIA Flyers zone.
18:20 of 3rd period - Claude Giroux is hit by Kirby Dach and loses puck.
18:43 of 3rd period - Shot by Jesper Fast.
18:43 of 3rd period - Deflect By Kirby Dach.
18:43 of 3rd period - Shot Misses the Net.
18:51 of 3rd period - Shot by Victor Olofsson.
18:51 of 3rd period - Stopped by Connor Hellebuyck without a rebound.
18:52 of 3rd period - Dillon Dube wins face-off versus Sean Couturier in PHILADELPHIA Flyers zone.
18:55 of 3rd period - Shot by Nikolaj Ehlers.
18:55 of 3rd period - Deflect By Dillon Dube.
18:55 of 3rd period - Shot Blocked by Alexander Edler.
19:31 of 3rd period - Shot by Sean Monahan.
19:31 of 3rd period - Deflect By Sean Couturier.
19:31 of 3rd period - Stopped by Anton Khudobin without a rebound.
19:32 of 3rd period - Leon Draisaitl wins face-off versus Pius Suter in NEW YORK Islanders zone.
Goals for this period are 1 for PHILADELPHIA Flyers vs 1 for NEW YORK Islanders.
Shots for this period are 13 for PHILADELPHIA Flyers vs 13 for NEW YORK Islanders. Output by the SimonT Hockey Simulator (STHS) for Martin Benoit - Original Page W3C HTML5 Valid
Hockey Simulator - Hockey Simulation - Hockey Manager